 Dungeon Crawl Stone Soup version 0.14.0-12-g87ee3b7 (webtiles) character file.

564 Qrupt the Chiller (level 7, -13/46 HPs)
             Began as a Merfolk Ice Elementalist on Apr 17, 2014.
             Mangled by a mummy (15 damage)
             ... on Level 4 of the Dungeon.
             The game lasted 00:17:50 (4626 turns).

Qrupt the Chiller (Merfolk Ice Elementalist)        Turns: 4626, Time: 00:17:50

HP -13/46        AC  7     Str  8      XL: 7   Next:  3%
MP  16/17        EV  9     Int 14 (17) God:
Gold 119         SH  0     Dex 14      Spells:  3 memorised,  8 levels left

rFire  . . .     SeeInvis .     y - +0 trident
rCold  . . .     Clarity  .     A - +0 ring mail
rNeg   . . .     Conserve .     (no shield)
rPois  .         rCorr    .     i - +1 hat
rElec  .         rRot     .     v - +0 cloak
SustAb . .       Spirit   .     (no gloves)
rMut   .         Warding  .     (no boots)
Saprov . . .     Stasis   .     (no amulet)
MR     .....                    (no ring)
                                (no ring)

@: very slightly contaminated, not resistant to hostile enchantments, unstealthy
A: change form in water, swift swim
a: no special abilities


You were on level 4 of the Dungeon.
You were not hungry.

You visited 1 branch of the dungeon, and saw 4 of its levels.

You collected 119 gold pieces.

Inventory:

Hand weapons
 y - a +0,+0 trident (weapon)
Armour
 i - a +1 hat (worn)
 v - a +0 cloak (worn)
 A - a +0 ring mail (worn)
Magical devices
 w - a wand of polymorph (3)
Comestibles
 c - 3 bread rations
 f - an apple
 x - a meat ration
Scrolls
 d - a scroll of remove curse {unknown}
 e - a scroll of fog {unknown}
 h - a scroll of blinking {unknown}
 k - 8 scrolls of identify {unknown}
 l - a scroll of fear {unknown}
 n - a scroll of teleportation {unknown}
 p - a scroll of amnesia {unknown}
 q - a scroll of magic mapping {unknown}
 r - a scroll of random uselessness {unknown}
 t - a scroll of noise {unknown}
Potions
 j - a potion of degeneration
 m - a potion of poison {unknown}
 o - a potion of flight {unknown}
 s - a potion of heal wounds {unknown}
 u - a potion of paralysis {unknown}
 z - a potion of might {unknown}
Books
 b - a book of Frost

   Spells                             Type                      Level
   *Freeze                            Ice                          1
   *Throw Frost                       Conjuration/Ice              2
   *Ozocubu's Armour                  Charms/Ice                   3
   Throw Icicle                       Conjuration/Ice              4
   Summon Ice Beast                   Ice/Summoning                4
   Condensation Shield                Ice                          4


   Skills:
 - Level 2.6 Dodging
 - Level 2.1 Stealth
 - Level 4.3 Spellcasting
 + Level 3.3 Conjurations
 - Level 5.3 Ice Magic


You had 8 spell levels left.
You knew the following spells:

 Your Spells              Type           Power        Failure   Level  Hunger
a - Freeze                Ice            ###.         6%          1    None
b - Throw Frost           Conj/Ice       ###...       14%         2    ##.....
c - Ozocubu's Armour      Chrm/Ice       ##........   47%         3    ###....


Dungeon Overview and Level Annotations

Branches:
Dungeon (4/15)
 Temple: D:4-7

Altars:

Shops:
D:4 *


Message History

The kobold zombie hits you. The mummy hits you.
You hit the mummy.
The mummy is severely damaged.
The kobold zombie hits you but does no damage.
You hit the mummy.
The mummy is almost destroyed.
The kobold zombie completely misses you.
The mummy hits you!
* * * LOW HITPOINT WARNING * * *
You are too injured to fight recklessly!
You hit the mummy.
The mummy is almost destroyed.
The kobold zombie closely misses you. The mummy hits you.
* * * LOW HITPOINT WARNING * * *
Drink which item? (? for menu, Esc to quit)
There was something very wrong with that liquid!
You feel dopey.
It was a potion of degeneration.
The kobold zombie barely misses you. The mummy hits you!
You die...

#....p....# .
#.........#
#.........#######
#...............##
#........######..#
..#####.##8()8##.#
### #.#8...[8#[# #
+......z.# #####
+......M@# #...
#8....8#.#
##.####.##8}$8##.####
...#.....####
#.....## ###..#
#'###..# #.##
###.#.##%# # #.#
#.##.#.#.##.# #.#
#..###.#....# #.#
###..#.#.####


You could see a mummy and a kobold zombie.

Vanquished Creatures
  An ogre (D:4)
  A scorpion (D:3)
  Crazy Yiuf (D:3)
  A giant frog skeleton (D:4)
  Natasha (thrice) (D:3)
  A worker ant (D:4)
  Jessica (D:3)
  5 adders
  3 giant mites
  3 worms (D:2)
  A giant eyeball (D:4)
  5 giant geckos
  An ooze (D:2)
  2 orcs (D:4)
  10 bats
  2 giant cockroaches (D:1)
  8 hobgoblins
  5 jackals (D:1)
  10 kobolds
  2 quokkas
  5 giant newts
  13 goblins
  18 rats
102 creatures vanquished.

Notes
Turn   | Place    | Note
--------------------------------------------------------------
     0 | D:1      | Qrupt, the Merfolk Ice Elementalist, began the quest for the Orb.
     0 | D:1      | Reached XP level 1. HP: 13/13 MP: 3/3
    20 | D:1      | Reached XP level 2. HP: 19/19 MP: 1/4
   233 | D:1      | Learned a level 2 spell: Throw Frost
   777 | D:1      | Reached XP level 3. HP: 21/24 MP: 4/6
   839 | D:1      | Reached skill level 4 in Ice Magic
  1574 | D:2      | Learned a level 3 spell: Ozocubu's Armour
  1653 | D:2      | Reached XP level 4. HP: 28/30 MP: 4/9
  2791 | D:3      | Reached XP level 5. HP: 26/35 MP: 6/12
  2802 | D:3      | Reached skill level 5 in Ice Magic
  2957 | D:3      | Noticed Natasha
  2964 | D:3      | Killed Natasha
  3289 | D:3      | Noticed Jessica
  3295 | D:3      | Killed Jessica
  3448 | D:3      | Noticed Natasha
  3452 | D:3      | Killed Natasha
  3452 | D:3      | Reached XP level 6. HP: 41/41 MP: 8/15
  3463 | D:3      | Reached skill level 1 in Conjurations
  3576 | D:3      | Noticed Crazy Yiuf
  3592 | D:3      | Killed Crazy Yiuf
  3750 | D:3      | Noticed Natasha
  3767 | D:3      | Killed Natasha
  4235 | D:4      | Found Klisapol's Assorted Antiques.
  4251 | D:4      | Paralysed by a giant eyeball for 3 turns
  4539 | D:4      | Reached XP level 7. HP: 43/46 MP: 17/17
  4625 | D:4      | HP: 2/46 [mummy (4)]
  4626 | D:4      | Mangled by a mummy

Action                   |  1- 3 |  4- 6 |  7- 9 || total
-------------------------+-------+-------+-------++-------
Melee: Unarmed           |    26 |     1 |       ||    27
       Club              |    30 |    61 |       ||    91
       Trident           |       |    13 |    19 ||    32
 Cast: Freeze            |    52 |   102 |     4 ||   158
       Throw Frost       |       |    20 |       ||    20
  Use: Potion            |       |       |     1 ||     1
 Stab: Sleeping          |     1 |     1 |       ||     2
